 Dungeon Crawl Stone Soup version 0.29-a0-925-g0a7a3d12f8 (webtiles) character file.

Game seed: 2170065900439508703

53 wilfster70 the Chopper (level 3, -14/49 HPs)
             Began as a Hill Orc Monk on July 28, 2022.
             Demolished by an ogre
             ... wielding a +0 giant spiked club
              (19 damage)
             ... on level 2 of the Dungeon.
             The game lasted 00:04:04 (2021 turns).

wilfster70 the Chopper (Hill Orc Monk)              Turns: 2021, Time: 00:04:05

Health: -14/49     AC: 21    Str: 15    XL:     3   Next: 89%
Magic:  3/3        EV:  2    Int: 10    God:
Gold:   25         SH:  0    Dex: 13    Spells: 2/2 levels left

rFire   . . .      SeeInvis .   a - +0 hand axe
rCold   . . .      Faith    .   (no shield)
rNeg    . . .      Spirit   .   (body armour currently unavailable)
rPois   +          Reflect  .   (helmet currently unavailable)
rElec   .          Harm     .   (cloak currently unavailable)
rCorr   .          Rampage  .   (gloves currently unavailable)
Will    .....      NoTele   +   (boots currently unavailable)
Stlth   ++........              (no amulet)
HPRegen 0.16/turn               (no ring)
MPRegen 0.08/turn               (no ring)

@: tree-form
A: stationary, stasis, torment immunity, boosted hp
a: no special abilities


You were on level 2 of the Dungeon.
You were a tree.
You visited 1 branch of the dungeon, and saw 2 of its levels.

You collected 25 gold pieces.

Inventory:

Hand Weapons
 a - a +0 hand axe (weapon)
Armour
 e - a +1 ring mail (melded)
Jewellery
 b - a +6 ring of strength
 h - a ring of poison resistance
Scrolls
 f - a scroll of enchant armour
Potions
 c - a potion of ambrosia
 d - a potion of lignification
 g - a potion of haste {unknown}


   Skills:
 + Level 4.1 Fighting
 * Level 5.2 Axes
 + Level 1.6 Armour
 - Level 2.4 Dodging
 - Level 1.5 Stealth


You had 2 spell levels left.
You didn't know any spells.
Your spell library contained the following spells:

 Spells                   Type           Power      Damage    Failure   Level
 Magic Dart               Conj           0%         1d3       36%         1
 Call Imp                 Summ           0%         N/A       50%         2
 Mephitic Cloud           Conj/Pois/Air  0%         N/A       75%         3


Dungeon Overview and Level Annotations

Branches:
Dungeon (2/15)

Altars:
Trog


Message History

No target in view!
No target in view!
No target in view!
No target in view!
No target in view!
No target in view!
No target in view!
No target in view!
You now have 25 gold pieces (gained 5).
You see here an adder corpse.
You start resting.
HP restored.
Found a stone staircase leading up.
There is a stone staircase leading up here.
You open the door.
Found 3 poisoned darts.
There is an open door here.
You open the door.
There is an open door here.
You open the door.
There is an open door here.
You open the door.
An ogre comes into view. It is wielding a +0 giant spiked club.
The ogre shouts!
Really quaff the potion of lignification?
You turn into a tree.
Your +1 ring mail melds into your body.
Your roots penetrate the ground.
You barely miss the ogre.
The ogre hits you with a +0 giant spiked club!!
Ouch! That really hurt!
You hit the ogre.
The ogre is lightly wounded.
You hit the ogre.
The ogre is moderately wounded.
The ogre hits you with a +0 giant spiked club!!
* * * LOW HITPOINT WARNING * * *
You hit the ogre.
The ogre is heavily wounded.
The ogre hits you with a +0 giant spiked club!!
You die...

#.# #.##....#......[#
#<..... #.#
#.##....#####.### #......
#.# #.##..).#####.#
#......
##.####.##..........#
#...###
#.......##...########
#...# ##########...# #...#
#......# ####### #...#
##.###<# #.....#######
#...# #.# #.#
#....♣O...... #.# #.#
#.....####### #.# #.#
####'## #.# #.# #.# #†#
#.######'####... #.#
#.#............. #.#
#.#..(.......... #.#
#.'..........####+########
#.# ###..........#
#.##.....#


You could see an ogre.

Vanquished Creatures
  An adder (D:2)
  A dart slug (D:1)
  9 bats
  2 endoplasms (D:1)
  A giant cockroach (D:1)
  A goblin (D:2)
  3 hobgoblins
  3 jackals (D:2)
  2 quokkas (D:1)
  2 ball pythons (D:1)
  4 frilled lizards
  8 kobolds
  2 rats (D:1)
39 creatures vanquished.

Notes
Turn   | Place    | Note
-------+----------+-------------------------------------------
     0 | D:1      | wilfster70 the Hill Orc Monk began the quest for the Orb.
     0 | D:1      | Reached XP level 1. HP: 19/19 MP: 1/1
   424 | D:1      | Reached XP level 2. HP: 12/27 MP: 2/2
   757 | D:1      | Reached skill level 1 in Armour
  1099 | D:1      | Reached XP level 3. HP: 24/33 MP: 3/3
  1386 | D:2      | Found a bloodstained altar of Trog.
  1599 | D:2      | Reached skill level 5 in Axes
  1823 | D:2      | Found a faded altar of an unknown god.
  2016 | D:2      | Noticed an ogre
  2021 | D:2      | Demolished by an ogre

Illustrated notes

Levels and vault maps discovered:
D:1:      dpeg_arrival_simpleton_b, layout_rooms
D:2:      layout_basic, dreamdust_ecumenical_altar_grove, basic_altar

Skill      XL: |  1  2  3 |
---------------+----------+-----
Armour         | 1 |  1.6
Fighting       | 4 |  4.1
Axes           | 5 |  5.2
Dodging        | |  2.4
Stealth        | |  1.5

Action                   || total
-------------------------++-------
Melee: Hand axe          ||   165
       Punch             ||     1
  Use: Scroll            ||     6
       Potion            ||     1
 Stab: Sleeping          ||     5
Armor: Robe              ||    28
       Ring mail         ||    45
Dodge: Dodged            ||   149

Table legend: (Time is in decaauts)
 A = Elapsed time spent in this place.
 B = Non-inter-level travel time spent in this place.
 C = Inter-level travel time spent in this place.
 D = Time resting spent in this place.
 E = Time spent auto-exploring this place.
 F = Levels seen in this place.
 G = Mean time per level.
                   A        B        C        D        E       F      G
               +--------+--------+--------+--------+--------+-----+--------+
         Total |   2031 |   2023 |      8 |    929 |    464 |   2 | 1015.5 |
       Dungeon |   2031 |   2023 |      8 |    929 |    464 |   2 | 1015.5 |
               +--------+--------+--------+--------+--------+-----+--------+

Top non-repeatable levels by time:
     D:1: 1379 daAuts
     D:2: 651 daAuts
